AoeStats
← 蟹黄堡

Arena

510215367Analyzed
1v1 RM · 1d ago on Sep 30, 2026· 38m 35s· 2 players
Game mode
Random Map
Map size
Tiny (2 player)
Population
200
Speed
Normal
Resources
Standard
Victory
Conquest
Starting age
Dark Age
Ending age
Imperial Age
RankedLock teamsTeams togetherTeam positionsShared explorationLock speedFull tech treeHidden civsTurbo modeCheats
Victory
Defeat
🇲🇽 Koreans · Mexico
781
+16
🇨🇳 Poles · China
777
-40
蟹黄堡
6:47 Loom
10:23 Feudal Age
10:52 Double-Bit Axe
12:22 Wheelbarrow
11:34 Town Watch
12:28 Stone Mining
21:14 Horse Collar
23:55 Castle Age
22:05 Horse Collar
27:11 Bow Saw
27:03 Heavy Plow
26:57 Gold Mining
27:01 Crossbowman
27:50 Fletching
28:00 Padded Archer Armor
28:43 Murder Holes
35:05 Imperial Age
33:23 Ballistics
34:41 Szlachta Privileges
34:05 Elite Skirmisher
34:48 Bodkin Arrow
35:08 Leather Archer Armor
38:23 Thumb Ring
38:38 Leather Archer Armor
Tejedo7
9:51 Loom
11:44 Feudal Age
17:19 Castle Age
15:44 Double-Bit Axe
18:10 Crossbowman
18:49 Fletching
25:06 Loom
25:08 Town Watch
26:04 Wheelbarrow
28:29 Hand Cart
28:21 Town Patrol
29:22 Treadmill Crane
31:42 Murder Holes
35:30 Imperial Age
33:24 Ballistics
33:57 Bodkin Arrow
34:04 Gold Mining
35:00 Bow Saw
34:42 Horse Collar
35:20 Scale Mail Armor
36:32 Masonry
37:27 Chemistry
37:01 Masonry
37:17 Thumb Ring
36:48 Arbalester
37:46 Bracer
Connection lost

Rejoining the realm…

Still unreachable

The connection could not be restored.

Session expired

The server has moved on; the page needs a fresh start.